 Dungeon Crawl Stone Soup version 0.26-a0-639-g72c4674329 (webtiles) character file.

Game seed: 16324469684810624574

122 Flugslaktarn the Covered (level 4, -9/43 HPs)
             Began as a Deep Dwarf Fighter on Sept 28, 2020.
             Killed by divine providence
             ... invoked by an orc priest
              (13 damage)
             ... on level 4 of the Dungeon.
             The game lasted 00:00:37 (665 turns).

Flugslaktarn the Covered (Deep Dwarf Fighter)        Turns: 665, Time: 00:00:38

Health: -9/43      AC:  8    Str: 21    XL:     4   Next: 78%
Magic:  4/4        EV:  7    Int:  8    God:
Gold:   73         SH:  9    Dex: 12    Spells: 3/3 levels left

rFire    . . .     SeeInvis .   o - +0 hand axe (venom)
rCold    . . .     Faith    .   c - +0 kite shield
rNeg     . . .     Spirit   .   b - +0 scale mail
rPois    .         Reflect  .   (no helmet)
rElec    .         Harm     .   (no cloak)
rCorr    .         Rampage  .   (no gloves)
MR       .....                  i - +0 pair of boots
Stlth    ..........             (no amulet)
HPRegen  0.00/turn              (no ring)
MPRegen  0.09/turn              (no ring)

@: non-regenerating
A: damage resistance, heal wounds, sense surroundings 1, no regeneration
a: Heal Wounds


You were on level 4 of the Dungeon.
You visited 1 branch of the dungeon, and saw 4 of its levels.

You collected 73 gold pieces.

Inventory:

Hand Weapons
 a - a +0 war axe
 o - a +0 hand axe of venom (weapon)
   (You took it off an orc on level 4 of the Dungeon)
Armour
 b - a +0 scale mail (worn)
 c - a +0 kite shield (worn)
 i - a +0 pair of boots (worn)
   (You found it on level 2 of the Dungeon)
Jewellery
 h - an uncursed ring of flight {unknown}
   (You found it on level 2 of the Dungeon)
Scrolls
 f - a scroll of enchant armour {unknown}
 j - 3 scrolls of teleportation {unknown}
 k - a scroll of identify {unknown}
 l - 2 scrolls of noise {unknown}
 m - a scroll of fear {unknown}
Potions
 d - 2 potions of might
 e - a potion of heal wounds {unknown}
 g - a potion of lignification {unknown}


   Skills:
 * Level 3.6 Fighting
 * Level 3.6 Axes
 + Level 3.9 Armour
 + Level 3.9 Shields


You had 3 spell levels left.
You didn't know any spells.
Your spell library was empty.

Dungeon Overview and Level Annotations

Branches:
Dungeon (4/15)
 Temple: D:4-7

Altars:
Dithmenos
Nemelex Xobeh
Vehumet
Wu Jian


Innate Abilities, Weirdness & Mutations

You are resistant to damage.
You can heal yourself by infusing magical energy.
You passively map a small area around you.
You do not regenerate.


Message History

The orc wizard seems to speed up.
There are monsters nearby!
You barely miss the adder skeleton.
The adder skeleton is almost destroyed.
You hit the orc priest.
The orc priest is poisoned.
You barely miss the orc wizard. You block the orc wizard's attack.
The orc priest hits you with a +0 flail!
You block the adder skeleton's attack.
The orc priest calls down the wrath of Beogh upon you.
Beogh smites you!
* * * LOW HITPOINT WARNING * * *
The orc wizard hits you but does no damage.
You are too injured to fight recklessly!
You are too injured to fight recklessly!
You fail to use your ability.
You block the adder skeleton's attack.
The orc priest hits you but does no damage.
The orc wizard barely misses you.
The orc priest calls down the wrath of Beogh upon you.
Beogh smites you!
You die...

####.........####...#####*
# ##.......###........# *
, ##.....## #.##.###.# *,
##...## #. #.....# * ##+##
#. ####..# , #[ #..# ,
#.#####..# ######oo......#
.....oZ@.$...## **
..###o#.###### .. #.# , ,
* * ... ..# ### *#### *,


You could see 2 orc priests, an orc wizard (fast), an orc and an adder skeleton.

Vanquished Creatures
  A bullfrog (D:4)
  An orc wizard (D:4)
  A howler monkey skeleton (D:4)
  A dart slug (D:1)
  A leopard gecko (D:1)
  4 orcs (D:4)
  A goblin (D:1)
  A hobgoblin (D:2)
  3 kobolds
  A quokka (D:2)
  2 rats
17 creatures vanquished.

Notes
Turn   | Place    | Note
-------+----------+-------------------------------------------
     0 | D:1      | Flugslaktarn the Deep Dwarf Fighter began the quest for the
                  | Orb.
     0 | D:1      | Reached XP level 1. HP: 20/20 MP: 1/1
   211 | D:2      | Found a shadowy altar of Dithmenos.
   221 | D:2      | Reached XP level 2. HP: 13/27 MP: 2/2
   369 | D:2      | Found a radiant altar of Vehumet.
   375 | D:2      | Found a sparkling altar of Nemelex Xobeh.
   375 | D:2      | Found an ornate altar of the Wu Jian Council.
   573 | D:4      | Reached XP level 3. HP: 20/34 MP: 3/3
   641 | D:4      | Noticed a bullfrog
   648 | D:4      | Killed a bullfrog
   648 | D:4      | Reached XP level 4. HP: 15/43 MP: 4/4
   665 | D:4      | Killed from afar by an orc priest

Illustrated notes

Levels and vault maps discovered:
D:1:      kilobyte_arrival_exit_the_forest, layout_loops_ring,
          chequers_serial_rivers_micro_e, minmay_pentomino_q2
D:2:      layout_loops_ring, grunt_dithmenos_smoke_and_mirrors, bloody_trog,
          marbit_many_paths, vehumet_crystals,
          chequers_temple_overflow_statue_of_worship
D:3:      layout_loops_corners, brannock_xom_greatest_gift
D:4:      layout_loops_corners, minmay_temple_entry_junction_2

Skill      XL: |  1  2 |
---------------+-------+-----
Fighting       | 3 |  3.6
Axes           | 3 |  3.6
Armour         | |  3.9
Shields        | |  3.9

Action                   |  1- 3 |  4- 6 || total
-------------------------+-------+-------++-------
Melee: War axe           |    58 |       ||    58
       Hand axe          |    12 |     8 ||    20
 Abil: Heal Wounds       |     1 |     1 ||     2
Armor: Scale mail        |    27 |     5 ||    32
Dodge: Dodged            |    23 |     2 ||    25
Block: Kite shield       |    26 |     7 ||    33

Table legend: (Time is in decaauts)
 A = Elapsed time spent in this place.
 B = Non-inter-level travel time spent in this place.
 C = Inter-level travel time spent in this place.
 D = Time resting spent in this place.
 E = Time spent auto-exploring this place.
 F = Levels seen in this place.
 G = Mean time per level.
                   A        B        C        D        E       F      G
               +--------+--------+--------+--------+--------+-----+--------+
         Total |    695 |    628 |     67 |      0 |    434 |   4 |  173.8 |
       Dungeon |    695 |    628 |     67 |      0 |    434 |   4 |  173.8 |
               +--------+--------+--------+--------+--------+-----+--------+

Top non-repeatable levels by time:
     D:2: 228 daAuts
     D:1: 199 daAuts
     D:4: 169 daAuts
     D:3: 98 daAuts
